 Dungeon Crawl Stone Soup version 0.24.0-125-gc4c63601f3 (webtiles) character file.

Game seed: 9178578960954802696, levelgen mode: deterministic

4243 CrazyMind the Carver (level 10, -4/76 HPs)
             Began as a Human Fighter on Mar 1, 2020.
             Was a Believer of Elyvilon.
             Slain by a two-headed ogre
             ... wielding a +0 giant club
              (11 damage)
             ... on level 8 of the Dungeon.
             The game lasted 00:42:24 (9460 turns).

CrazyMind the Carver (Human Fighter)                Turns: 9460, Time: 00:42:25

Health: -4/76      AC: 11    Str: 19    XL:     10   Next: 55%
Magic:  12/12      EV:  4    Int: 14    God:    Elyvilon [**....]
Gold:   656        SH:  0    Dex: 13    Spells: 9/9 levels left

rFire    . . .     SeeInvis .   a - +0 long sword
rCold    + . .     Gourm    .   c - +0 shield
rNeg     . . .     Faith    .   I - +0 chain mail "Ziytt" {rC+ Int+5}
rPois    +         Spirit   .   r - +0 helmet
rElec    .         Reflect  .   (no cloak)
rCorr    .         Harm     .   (no gloves)
MR       +....                  (no boots)
Stlth    ..........             (no amulet)
HPRegen  0.22/turn              F - ring of protection from magic
MPRegen  0.13/turn              q - ring of poison resistance

@: protection, marked, held
A: no striking features
a: Lesser Healing, Heal Other, Divine Protection, Renounce Religion


You were on level 8 of the Dungeon.
You worshipped Elyvilon.
Elyvilon was pleased with you.
You were not hungry.

You visited 2 branches of the dungeon, and saw 10 of its levels.
You also visited: Ossuary.

You collected 656 gold pieces.

Inventory:

Hand Weapons
 a - a +0 long sword (weapon)
 h - a +0 short sword
Missiles
 e - 7 atropa-tipped darts
 i - 449 stones
 s - 40 poisoned darts
 u - 4 boomerangs
Armour
 c - a +0 shield (worn)
 r - a +0 helmet (worn)
 I - the +0 chain mail "Ziytt" (worn) {rC+ Int+5}
   (You found it on level 5 of the Dungeon)

   It affects your intelligence (+5).
   It protects you from cold.
 M - the +2 ring mail of the Lich-sworn {rPois rN+ Str+2 Slay-4}
   (You took it off a kobold on level 8 of the Dungeon)

   It affects your strength (+2).
   It affects your accuracy and damage with ranged weapons and melee attacks
   (-4).
   It protects you from poison.
   It protects you from negative energy.
Jewellery
 g - an uncursed ring of stealth
 q - a ring of poison resistance (right hand)
 v - a +2 ring of protection
 y - an uncursed ring of fire
 C - an uncursed ring of magical power
 F - a ring of protection from magic (left hand)
 K - an uncursed ring of wizardry
Wands
 d - a wand of iceblast (7)
 A - a wand of enslavement (7)
Scrolls
 b - 5 scrolls of remove curse
 j - a scroll of fear {unknown}
 k - 2 scrolls of amnesia {unknown}
 n - 7 scrolls of identify
 o - a scroll of magic mapping
 p - 3 scrolls of teleportation {unknown}
 t - a scroll of enchant armour {unknown}
 D - 2 scrolls of fog {unknown}
 H - 2 scrolls of enchant weapon {unknown}
 L - 2 scrolls of immolation {unknown}
Potions
 l - a potion of brilliance
 m - a potion of mutation {unknown}
 x - 2 potions of degeneration {unknown}
 z - a potion of agility {unknown}
 E - a potion of flight {unknown}
 G - 2 potions of curing {unknown}
 J - a potion of resistance {unknown}
Comestibles
 f - 16 rations
 w - 15 chunks of flesh


   Skills:
 + Level 5.6 Fighting
 + Level 8.9 Long Blades
 + Level 4.0 Throwing
 + Level 7.2 Armour
 + Level 1.8 Dodging
 + Level 6.8 Shields
 * Level 3.7 Invocations


You had 9 spell levels left.
You didn't know any spells.
Your spell library was empty.

Dungeon Overview and Level Annotations

Branches:
Dungeon (9/15)             Temple (1/1) D:7         Ossuary (visited)
   Lair: D:8-11         Orc: D:9-12

Altars:
Ashenzari
Cheibriados
Dithmenos
Elyvilon
Fedhas
Gozag
Hepliaklqana
Kikubaaqudgha
Makhleb
Nemelex Xobeh
Okawaru
Qazlal
Ru
Sif Muna
Uskayaw
Wu Jian
Xom
Yredelemnul
Zin

Shops:
D:5 (   D:8 [

Annotations:
D:8 Harold


Message History

Harold hits you with a +0 mace.
* * * LOW HITPOINT WARNING * * *
You slash Harold!
Harold is almost dead.
Harold hits you with a +0 mace!
* * * LOW HITPOINT WARNING * * *
An adder comes into view.
A two-headed ogre comes into view.
It is wielding a +0 giant club and a +0 giant spiked club.
You beseech Elyvilon to protect your life.
Harold casts a spell at you. The mark upon you grows brighter.
You block the adder's attack. You block Harold's attack.
The adder bites you but does no damage.
Harold throws a throwing net.
The throwing net hits you.
You become entangled in the net!
You see here a throwing net.
You struggle against the net.
The adder barely misses you.
You tear a large gash into the net.
The adder bites you but does no damage.
The two-headed ogre hits you with a +0 giant club!
You die...

*,,,,,,,.....###.#....#*.#.......
**********#..@...#....##.#.##..))
#.#(........#..#,*#..##
#...(...........,,#..#
#..h#..........***#..#
#...#.(........####..##
#...##...8#####8.......
#...####(##...##.......
##)...@S@##..#.#...####
######O.#.....#...####
#)##.....#..#K..>
#(#.#...##..#.###
#.#8...#.8....#.#
#.#.#.....#.#.#..
#(........#.#.#.#
###.......#.).#.# #..#......###.#


You could see Harold, a two-headed ogre and an adder.

Vanquished Creatures
  A two-headed ogre (D:9)
  A hippogriff (D:8)
  Prince Ribbit (D:7)
  A wyvern (D:9)
  Menkaure (D:7)
  5 ice beasts
  An orc warrior (D:7)
  A sky beast (D:9)
  A black bear (D:8)
  2 centaurs
  2 big kobolds (D:8)
  3 bullfrogs
  A gnoll sergeant (D:7)
  A wyvern skeleton (D:9)
  8 scorpions
  A howler monkey (D:4)
  4 crimson imps
  3 centaur zombies
  2 quasits
  An orc priest (D:8)
  3 hounds
  A centaur skeleton (D:9)
  An orc wizard (D:7)
  3 bullfrog skeletons
  An iguana (D:4)
  8 worker ants
  4 big kobold zombies (Ossuary)
  A hound skeleton (D:2)
  2 mummies (Ossuary)
  6 gnolls
  13 adders
  2 shadow imps
  5 oozes
  2 adder skeletons
  3 worms
  A dart slug (D:5)
  5 leopard geckos
  14 orcs
  2 ball pythons
  8 bats
  3 giant cockroaches
  4 goblins
  5 hobgoblins
  20 jackals
  24 kobolds
  6 quokkas
  A ball python skeleton (D:5)
  5 frilled lizards
  3 gnoll zombies (Ossuary)
  3 goblin zombies (Ossuary)
  2 hobgoblin zombies (Ossuary)
  An orc zombie (Ossuary)
  A quokka skeleton (D:5)
  A quokka zombie (D:5)
  10 rats
215 creatures vanquished.

Notes
Turn   | Place    | Note
-------+----------+-------------------------------------------
     0 | D:1      | CrazyMind the Human Fighter began the quest for the Orb.
     0 | D:1      | Reached XP level 1. HP: 18/18 MP: 1/1
   157 | D:1      | Reached XP level 2. HP: 24/24 MP: 2/2
   406 | D:1      | Reached XP level 3. HP: 29/29 MP: 3/3
   867 | D:2      | Reached XP level 4. HP: 26/35 MP: 4/4
  1324 | D:2      | Found a stormy altar of Qazlal.
  1560 | D:2      | Reached skill level 3 in Long Blades
  1785 | D:2      | Reached XP level 5. HP: 41/41 MP: 5/5
  2411 | D:3      | Found a shadowy altar of Dithmenos.
  2606 | D:3      | Reached skill level 1 in Throwing
  2928 | D:4      | Reached XP level 6. HP: 47/47 MP: 6/6
  3224 | D:4      | Reached skill level 4 in Long Blades
  3260 | D:4      | Reached XP level 7. HP: 47/53 MP: 7/7
  3323 | D:4      | Reached skill level 1 in Dodging
  3699 | D:4      | Reached skill level 5 in Long Blades
  3929 | D:4      | Reached XP level 8. HP: 50/60 MP: 8/8
  4251 | D:5      | Entered Level 5 of the Dungeon
  4288 | D:5      | Found Jec Orch's Antique Weapon Boutique.
  4449 | D:5      | Reached skill level 6 in Long Blades
  4449 | D:5      | Reached skill level 5 in Armour
  4449 | D:5      | Reached skill level 5 in Shields
  4865 | D:5      | Got a bloodstained chain mail
  4876 | D:5      | Identified the +0 chain mail "Ziytt" {rC+ Int+5} (You found
                  | it on level 5 of the Dungeon)
  5111 | D:6      | Found an iron altar of Okawaru.
  5639 | D:6      | Reached XP level 9. HP: 33/66 MP: 9/9
  6115 | D:7      | Reached skill level 7 in Long Blades
  6156 | D:7      | Found a staircase to the Ecumenical Temple.
  6185 | Temple   | Entered the Ecumenical Temple
  6192 | Temple   | Became a worshipper of Elyvilon the Healer
  6757 | D:7      | Noticed Prince Ribbit
  6761 | D:7      | Killed Prince Ribbit
  6761 | D:7      | Reached skill level 5 in Fighting
  6762 | D:7      | Noticed Menkaure
  6766 | D:7      | Killed Menkaure
  7341 | D:8      | Reached * piety under Elyvilon
  7342 | D:8      | Found a sand-covered staircase.
  7351 | Ossuary  | Entered an ossuary
  7403 | Ossuary  | Reached skill level 8 in Long Blades
  7787 | D:8      | Reached skill level 1 in Invocations
  7803 | D:8      | Noticed Harold
  7920 | D:9      | Found a snail-covered altar of Cheibriados.
  7956 | D:9      | Reached XP level 10. HP: 48/74 MP: 11/11
  8349 | D:9      | Reached ** piety under Elyvilon
  8503 | D:9      | Noticed a two-headed ogre
  8554 | D:9      | HP: 3/74 [wyvern skeleton (7)]
  8626 | D:9      | Killed a two-headed ogre
  8883 | D:8      | Found Yrhoc's Antique Armour Shop.
  9381 | D:8      | Identified the +2 ring mail of the Lich-sworn {rPois rN+
                  | Str+2 Slay-4}
  9455 | D:8      | Noticed a two-headed ogre
  9460 | D:8      | Slain by a two-headed ogre

Levels and vault maps discovered:
D:1:      minmay_arrival_plants_in_alcoves, layout_loops_ring
D:2:      kennysheep_six_static_rooms, layout_loops_corners, first_ration,
          nicolae_qazlal_eye_of_the_storm
D:3:      layout_loops_ring, nicolae_dithmenos_shadow_blocks
D:4:      minmay_evil_eye, layout_basic
D:5:      layout_rooms, serial_shops, shop, grunt_decor_fettered,
          solitary_fountain
D:6:      layout_cave_pods, lemuel_statue_altar
D:7:      layout_loops_cross, minmay_temple_entry_large_hall, uniq_menkaure,
          uniq_prince_ribbit1
D:8:      layout_basic, serial_shops, shop,
          lightli_ossuary_entry_decrepit_ruins, uniq_harold
D:9:      layout_basic, minitemple
Temple:   nicolae_temple_no_exploring_needed

Skill      XL: |  1  2  3  4  5  6  7  8  9 10 |
---------------+-------------------------------+-----
Long Blades    | 3 4 5 6 8 |  8.9
Throwing       | 1 2 3 4 |  4.0
Shields        | 4 5 6 |  6.8
Armour         | 4 5 6 7 |  7.2
Dodging        | 1 |  1.8
Fighting       | 4 5 |  5.6
Invocations    | 1 3 |  3.7

Action                   |  1- 3 |  4- 6 |  7- 9 | 10-12 || total
-------------------------+-------+-------+-------+-------++-------
Melee: Long sword        |   106 |   231 |   668 |   109 ||  1114
Throw: Stone             |     6 |    56 |    91 |    19 ||   172
       Dart              |       |     7 |    13 |    18 ||    38
       Boomerang         |       |       |    25 |    15 ||    40
       Throwing net      |       |       |       |     2 ||     2
Invok: Divine Protection |       |       |       |     2 ||     2
       Lesser Healing    |       |       |       |     1 ||     1
  Use: Potion            |       |       |     4 |     4 ||     8
       Scroll            |       |       |     3 |       ||     3
 Stab: Held in net/web   |       |       |       |     1 ||     1
  Eat: Chunk             |       |     8 |    15 |       ||    23
       Ration            |       |       |       |     2 ||     2
Armor: Chain mail        |    67 |   130 |   303 |    30 ||   530
Dodge: Dodged            |    25 |    36 |   118 |    23 ||   202
Block: Shield            |    51 |   119 |   304 |    72 ||   546
       Rpst.: Long sword |     4 |    10 |    29 |     5 ||    48
